 Dungeon Crawl Stone Soup version 0.30-a0-137-gd8773701ce (webtiles) character file.

Game seed: 6576194003274464435

393 jimonade the Shooter (level 6, -1/39 HPs)
             Began as an Octopode Hunter on Sept 21, 2022.
             Slain by Eustachio
             ... wielding a +0 rapier
              (7 damage)
             ... on level 4 of the Dungeon on Sept 22, 2022.
             The game lasted 00:06:51 (4615 turns).

jimonade the Shooter (Octopode Hunter)              Turns: 4615, Time: 00:06:51

Health: -1/39      AC:  5    Str: 10 (11) XL:     6   Next: 81%
Magic:  6/6        EV: 17    Int: 11      God:
Gold:   81         SH:  0    Dex: 16 (17) Spells: 5/5 levels left

rFire   . . .      SeeInvis .    a - +1 shortbow
rCold   . . .      Faith    .    (shield currently unavailable)
rNeg    . . .      Spirit   .    (helmet restricted)
rPois   .          Reflect  .    (no amulet)
rElec   .          Harm     .    i - +4 ring of evasion
rCorr   .          Rampage  .    k - +4 ring of protection
Will    .....                    (no ring)
Stlth   +++.......               (no ring)
HPRegen 0.13/turn                (no ring)
MPRegen 0.10/turn                (no ring)
                                 (no ring)
                                 (no ring)

@: no status effects
A: almost no armour, amphibious, 8 rings, camouflage 1, gelatinous body 1,
(nimble swimmer 1), tentacles
a: no special abilities


You were on level 4 of the Dungeon.
You visited 1 branch of the dungeon, and saw 4 of its levels.
You also visited: Sewer.

You collected 81 gold pieces.

Inventory:

Hand Weapons
 a - a +1 shortbow (weapon)
 l - a +0 trident
 v - a +0 sling
Missiles
 c - a curare-tipped dart
 s - 12 poisoned darts
Magical Staves
 o - a staff of conjuration
Jewellery
 i - a +4 ring of evasion (left tentacle)
 k - a +4 ring of protection (right tentacle)
 n - a ring of ice
 x - a +4 ring of evasion
Scrolls
 b - 2 scrolls of immolation
 d - a scroll of fear
 e - 3 scrolls of brand weapon {unknown}
 f - a scroll of teleportation
 g - 2 scrolls of poison
 j - a scroll of vulnerability
Potions
 h - a potion of ambrosia
 q - a potion of attraction
 r - 2 potions of curing
 t - 2 potions of flight
 u - a potion of heal wounds


   Skills:
 - Level 2.0 Fighting
 + Level 7.9 Ranged Weapons
 - Level 2.0 Dodging
 - Level 1.3 Stealth


You had 5 spell levels left.
You didn't know any spells.
Your spell library contained the following spells:

 Spells                   Type           Power      Damage    Failure   Level
 Summon Small Mammal      Summ           0%         N/A       34%         1
 Call Canine Familiar     Summ           0%         N/A       71%         3
 Summon Guardian Golem    Hex/Summ       0%         N/A       71%         3
 Summon Lightning Spire   Summ/Air       0%         N/A       98%         4
 Storm Form               Tmut/Air       0%         N/A       100%        7
 Maxwell's Capacitive Co  Air            0%         ∞         100%        8


Dungeon Overview and Level Annotations

Branches:
Dungeon (4/15)              Sewer (visited)
 Temple: D:4-7

Altars:

Annotations:
D:4 exclusion: hobgoblin, Eustachio


Innate Abilities, Weirdness & Mutations

You cannot wear most types of armour.
You are amphibious.
You can wear up to eight rings at the same time.
Your skin changes colour to match your surroundings (Stealth+).
Your rubbery body absorbs attacks. (AC +1, EV +1)
((You are camouflaged when in or above water. (Stealth+)))
You have tentacles for arms and can constrict up to eight enemies at once.


Message History

Press: ? - help, Q - select action, (/) - cycle Shift-Dir - straight line, f/p - Eustachio
Aim: Eustachio, wielding a +0 rapier and wearing a +0 leather armour (heavily wounded, 56% to hit)
You shoot an arrow.
The arrow hits Eustachio but does no damage.
Eustachio is heavily wounded.
Eustachio hits you with a +0 rapier.
* * * LOW HITPOINT WARNING * * *
Fire: a) +1 shortbow
Press: ? - help, Q - select action, (/) - cycle Shift-Dir - straight line, f/p - Eustachio
Aim: Eustachio, wielding a +0 rapier and wearing a +0 leather armour (heavily wounded, 56% to hit)
You shoot an arrow.
The arrow hits Eustachio but does no damage.
Eustachio is heavily wounded.
Eustachio casts a spell.
Eustachio blinks!
The crimson imp laughs crazily.
Fire: a) +1 shortbow
Press: ? - help, Q - select action, (/) - cycle Shift-Dir - straight line, f/p - Eustachio
Aim: Eustachio, wielding a +0 rapier and wearing a +0 leather armour (heavily wounded, 56% to hit)
You shoot an arrow. The arrow misses Eustachio.
Eustachio gestures wildly while chanting.
Eustachio blinks!
The crimson imp blinks!
Fire: a) +1 shortbow
Press: ? - help, Q - select action, (/) - cycle Shift-Dir - straight line, f/p - Eustachio
Aim: Eustachio, wielding a +0 rapier and wearing a +0 leather armour (heavily wounded, 56% to hit)
You shoot an arrow. The arrow barely misses Eustachio.
Fire: a) +1 shortbow
Press: ? - help, Q - select action, (/) - cycle Shift-Dir - straight line, f/p - Eustachio
Aim: Eustachio, wielding a +0 rapier and wearing a +0 leather armour (heavily wounded, 56% to hit)
You shoot an arrow. The arrow hits Eustachio.
Eustachio is heavily wounded.
Eustachio hits you with a +0 rapier.
* * * LOW HITPOINT WARNING * * *
Fire: a) +1 shortbow
Press: ? - help, Q - select action, (/) - cycle Shift-Dir - straight line, f/p - Eustachio
Aim: Eustachio, wielding a +0 rapier and wearing a +0 leather armour (heavily wounded, 56% to hit)
You shoot an arrow. The arrow hits Eustachio.
Eustachio is severely wounded.
Eustachio hits you with a +0 rapier!
You die...

.# .....
#......##.....
#.......#.......#.....
#.......+.......####'#
.......#.......#.....
..... #......##.....
...5. #......)......
#...#####...##......
#.#)#...#'#.#.......
###@@....)#####.....
#...........# #'#...
##.........####.####
+.........+.......#
##.......##........
#.......#.....##..
####'#######..####
#..# #.## ##
#######.## ##.# ##.


You could see Eustachio and a crimson imp (summoned).

Vanquished Creatures
  A kobold brigand (Sewer)
  2 scorpions
  A jelly (D:4)
  An orc wizard (D:4)
  2 river rats (Sewer)
  4 adders
  3 worms (D:3)
  2 dart slugs (D:3)
  9 orcs
  6 ball pythons
  3 bats
  6 endoplasms
  3 giant cockroaches
  7 goblins
  7 hobgoblins
  6 jackals
  A quokka (D:1)
  2 frilled lizards (D:2)
  6 kobolds
  7 rats
79 creatures vanquished.

Notes
Turn   | Place    | Note
-------+----------+-------------------------------------------
     0 | D:1      | jimonade the Octopode Hunter began the quest for the Orb.
     0 | D:1      | Reached XP level 1. HP: 14/14 MP: 1/1
   191 | D:1      | Reached XP level 2. HP: 11/19 MP: 2/2
   446 | D:1      | Found a faded altar of an unknown god.
   761 | D:1      | Reached XP level 3. HP: 24/24 MP: 3/3
  1194 | D:2      | Reached skill level 5 in Ranged Weapons
  1681 | D:2      | Noticed a scorpion
  1688 | D:2      | Killed a scorpion
  1689 | D:2      | Reached skill level 6 in Ranged Weapons
  1689 | D:2      | Reached XP level 4. HP: 7/29 MP: 4/4
  1705 | D:2      | Reached XP level 5. HP: 31/34 MP: 5/5
  2196 | D:3      | Found a glowing drain.
  2210 | Sewer    | Entered a sewer
  2478 | Sewer    | Noticed a kobold brigand
  2491 | Sewer    | Killed a kobold brigand
  2492 | Sewer    | Reached skill level 7 in Ranged Weapons
  2513 | Sewer    | Found a white marble altar of Elyvilon.
  2629 | D:3      | Reached XP level 6. HP: 30/39 MP: 6/6
  4126 | D:4      | Noticed Eustachio
  4615 | D:4      | Slain by Eustachio

Illustrated notes

Levels and vault maps discovered:
D:1:      nzn_arrival_depleted_hourglass, layout_loops_ring,
          hellmonk_ecumenical_altar_dog_temple, minmay_liquid_box
D:2:      layout_loops_ring, minivault_4
D:3:      layout_loops_cross, cheibrodos_sewer_entry_bend
D:4:      nicolae_cairo_tiling_very_big, layout_layer_cave, grunt_ministairs_13,
          uniq_eustachio

Skill      XL: |  1  2  3  4  5 |
---------------+----------------+-----
Ranged Weapons | 6 7 |  7.9
Fighting       | |  2.0
Dodging        | |  2.0
Stealth        | |  1.3

Action                   |  1- 3 |  4- 6 || total
-------------------------+-------+-------++-------
 Fire: Shortbow          |    94 |   183 ||   277
  Use: Potion            |       |     2 ||     2
       Scroll            |       |     9 ||     9
Armor: Skin              |     2 |    22 ||    24
Dodge: Dodged            |    29 |    80 ||   109

Table legend: (Time is in decaauts)
 A = Elapsed time spent in this place.
 B = Non-inter-level travel time spent in this place.
 C = Inter-level travel time spent in this place.
 D = Time resting spent in this place.
 E = Time spent auto-exploring this place.
 F = Levels seen in this place.
 G = Mean time per level.
                   A        B        C        D        E       F      G
               +--------+--------+--------+--------+--------+-----+--------+
         Total |   4663 |   4449 |    214 |    560 |   3275 |   5 |  932.6 |
       Dungeon |   4312 |   4098 |    214 |    360 |   3198 |   4 | 1078.0 |
         Sewer |    351 |    351 |      0 |    200 |     77 |   1 |  351.0 |
               +--------+--------+--------+--------+--------+-----+--------+

Top non-repeatable levels by time:
     D:3: 1255 daAuts
     D:1: 1185 daAuts
     D:2: 1016 daAuts
     D:4: 854 daAuts
   Sewer: 351 daAuts
